Map: Debris Field

Players

A.I. 1 (Very Hard)

  • Race: Zerg Zerg
  • Spawn Location: 7:00

larsgj - Winner!

  • Race: Terran Terran
  • Spawn Location: 11:00

VOD

Have the link to the VOD?

Description

Time

  • Played on: May 3, 2019, 1:09 p.m.
  • Length: 41:19
Show
View Real Time Build Order
Export as new Build Order

A.I. 1 (Very Hard) Zerg 

Build Orders: Pool First 

Get SALT Encoding   

  12  0:00  Drone  
  13  0:12  Overlord  
  13  0:17  Drone  
  14  0:29  Extractor, Drone  
  14  0:30  Drone  
  14  0:34  Drone  
  16  0:50  Spawning Pool  
  16  0:52  Drone  
  16  0:55  Extractor  
  15  0:59  Drone  
  16  1:06  Drone  
  17  1:16  Drone  
  18  1:27  Drone  
  19  1:38  Drone  
  19  1:39  Lair  
  20  1:49  Drone  
  21  1:59  Overlord  
  21  2:10  Drone  
  22  2:21  Drone  
  23  2:31  Drone  
  23  2:35  Queen  
  26  2:40  Spire  
  26  2:42  Drone  
  26  2:49  Evolution Chamber  
  25  2:53  Drone  
  26  3:03  Overlord  
  26  3:14  Overlord  
  26  3:35  Overlord  
  26  3:52  Mutalisk  
  26  3:53  Mutalisk x3  
  34  3:59  Drone  
  35  4:09  Queen  
  37  4:10  Drone  
  37  4:14  Drone x3  
  41  4:21  Overlord  
  41  4:32  Zergling x2  
  42  4:43  Zergling x2  
  42  4:45  Drone, Mutalisk x2  
  43  4:46  Roach Warren  
  43  4:48  Hydralisk Den  
  46  4:55  Drone  
  47  5:05  Corruptor  
  49  5:15  Overlord, Corruptor, Drone  
  49  5:17  Hydralisk  
  54  5:27  Hydralisk  
  56  5:38  Hydralisk  
  58  5:44  Roach x2  
  58  5:45  Roach  
  64  5:50  Overlord  
  64  6:01  Roach  
  66  6:12  Roach  
  66  6:13  Overlord  
  66  6:15  Infestation Pit  
  67  6:23  Hatchery  
  66  6:53  Hive  
  66  7:35  Drone x4  
  66  7:36  Drone x5  
  66  7:37  Drone  
  76  7:38  Drone  
  76  7:39  Drone x2  
  79  7:44  Overseer  
  79  7:45  Drone  
  79  7:48  Overlord  
  79  7:50  Extractor  
  79  7:56  Drone  
  80  8:04  Infestor  
  82  8:06  Extractor, Greater Spire  
  82  8:07  Drone  
  82  8:13  Drone x2  
  82  8:14  Drone  
  85  8:28  Drone x2, Overlord  
  85  8:29  Drone  
  88  8:35  Infestor  
  90  8:58  Zerg Ground Armor Level 1  
  90  9:07  Spine Crawler  
  89  9:14  Infestor  
  91  9:30  Infestor  
  93  9:40  Queen  
  93  9:41  Overlord  
  93  9:45  Infestor  
  95  9:46  Spine Crawler x2  
  95  9:59  Queen  
  97  10:00  Infestor  
  97  10:03  Roach, Overlord  
  101  10:07  Hydralisk  
  101  10:09  Evolution Chamber  
  102  10:24  Spore Crawler  
  102  10:25  Spore Crawler  
  102  10:26  Drone  
  101  10:29  Drone, Spine Crawler  
  101  10:35  Zerg Missile Weapons Level 1  
  101  10:36  Drone, Evolution Chamber  
  101  10:37  Viper  
  104  10:55  Viper  
  107  11:03  Overlord, Zergling x2  
  108  11:10  Spine Crawler  
  107  11:13  Zergling x2  
  107  11:15  Zergling x2  
  107  11:16  Zerg Ground Armor Level 2  
  107  11:18  Zergling x2  
  110  11:25  Metabolic Boost  
  110  11:34  Corruptor  
  112  11:44  Corruptor  
  114  11:48  Spore Crawler  
  114  11:54  Overlord, Zergling x4, Zerg Melee Weapons Level 1  
  115  11:57  Hydralisk  
  117  12:02  Hydralisk  
  117  12:05  Brood Lord  
  121  12:13  Spore Crawler  
  120  12:25  Corruptor  
  120  12:26  Overlord  
  122  12:30  Zergling x2  
  123  12:37  Spore Crawler  
  123  12:38  Drone  
  123  12:40  Zerg Missile Weapons Level 2  
  123  12:44  Zergling x2  
  123  12:46  Zergling x2  
  123  12:49  Zergling x2  
  126  12:56  Corruptor  
  126  12:57  Brood Lord  
  130  13:02  Hatchery, Spore Crawler, Drone  
  130  13:03  Drone  
  130  13:05  Overlord  
  130  13:28  Corruptor  
  130  13:29  Brood Lord  
  134  13:48  Zerg Melee Weapons Level 2  
  134  14:07  Zerg Ground Armor Level 3  
  134  14:14  Drone x2  
  134  14:15  Drone x4  
  134  14:16  Drone x2, Overlord  
  134  14:17  Drone x3  
  143  14:18  Drone x4  
  143  14:19  Drone x3  
  143  14:22  Drone, Spine Crawler  
  152  14:25  Spore Crawler  
  152  14:27  Drone  
  152  14:33  Extractor  
  152  14:34  Overlord, Drone  
  152  14:41  Extractor  
  152  14:42  Drone  
  152  15:03  Drone, Spine Crawler  
  152  15:04  Drone x3, Overlord  
  155  15:32  Baneling Nest  
  146  15:36  Zergling x4  
  146  15:42  Spore Crawler  
  147  15:46  Zergling x2, Corruptor, Brood Lord  
  152  15:59  Zergling x2  
  153  16:08  Zerg Melee Weapons Level 3  
  153  16:15  Zergling x2  
  153  16:17  Baneling, Corruptor  
  153  16:18  Brood Lord  
  158  16:24  Spine Crawler  
  157  16:26  Spine Crawler  
  157  16:28  Spine Crawler  
  155  16:48  Pathogen Glands, Zerg Missile Weapons Level 3  
  155  16:49  Zergling x2  
  155  16:52  Zergling x2  
  155  16:54  Zergling x2  
  158  16:57  Zergling x2  
  159  17:04  Spore Crawler  
  159  17:05  Spore Crawler  
  157  17:08  Spore Crawler  
  156  17:49  Neural Parasite  
  156  18:17  Spine Crawler  
  156  18:19  Spore Crawler  
  154  18:22  Spine Crawler  
  153  18:39  Spore Crawler  
  152  18:49  Adrenal Glands  
  152  19:11  Pneumatized Carapace  
  152  19:12  Zerg Flyer Weapons Level 1  
  152  19:21  Overseer  
  152  19:28  Overseer  
  152  19:30  Burrow  
  152  19:42  Tunneling Claws  
  152  20:01  Infestor  
  154  20:17  Hatchery  
  154  20:19  Infestor  
  155  20:30  Roach  
  155  20:31  Roach  
  159  20:44  Roach, Overlord  
  159  20:48  Hydralisk  
  163  20:50  Ravager  
  164  20:58  Roach  
  164  20:59  Ravager  
  164  21:01  Glial Reconstitution  
  164  21:02  Roach  
  164  21:04  Hydralisk, Overlord  
  171  21:20  Zerg Flyer Weapons Level 2  
  171  21:25  Hydralisk  
  173  21:30  Hydralisk, Drone x2  
  173  21:31  Drone x3  
  173  21:32  Drone x3  
  183  21:33  Drone x3  
  183  21:34  Drone x2  
  183  21:35  Hydralisk, Drone x2  
  183  21:39  Hydralisk  
  194  21:51  Lurker Den  
  194  21:52  Drone  
  194  22:00  Extractor  
  193  22:01  Drone  
  193  22:03  Extractor  
  193  22:04  Drone  
  193  22:07  Baneling  
  194  22:18  Corruptor  
  196  22:23  Drone  
  197  22:49  Brood Lord  
  199  23:15  Drone  
  200  23:36  Zerg Flyer Armor Level 1  
  200  23:41  Spine Crawler  
  199  23:43  Spine Crawler  
  199  23:44  Spine Crawler  
  199  23:46  Spine Crawler  
  196  23:52  Hatchery, Corruptor  
  197  24:22  Brood Lord  
  197  24:23  Spore Crawler  
  198  24:25  Spore Crawler  
  198  24:27  Spore Crawler  
  198  24:30  Spore Crawler, Corruptor  
  197  25:00  Brood Lord  
  199  25:10  Drone  
  200  25:30  Drone, Zerg Flyer Weapons Level 3  
  200  25:31  Drone x3  
  200  25:37  Hatchery  
  200  25:38  Drone  
  200  25:48  Extractor  
  200  25:49  Drone  
  200  25:50  Extractor  
  200  25:51  Drone  
  200  26:06  Drone x2  
  200  26:07  Drone x2  
  200  26:08  Drone x2  
  200  26:09  Corruptor x2  
  200  26:11  Corruptor  
  198  26:12  Drone x3  
  198  26:13  Drone x4, Spore Crawler, Corruptor  
  198  26:14  Corruptor  
  198  26:17  Hydralisk, Queen, Corruptor  
  198  26:18  Queen, Corruptor  
  200  26:19  Corruptor  
  200  26:20  Corruptor  
  200  26:23  Corruptor x2  
  200  26:25  Corruptor  
  200  26:26  Hydralisk, Corruptor  
  200  26:29  Corruptor x2  
  200  26:31  Overseer  
  200  26:34  Overlord  
  200  26:38  Overlord  
  200  26:40  Overseer  
  200  26:42  Spawning Pool  
  200  26:44  Overseer  
  198  26:52  Drone x2, Mutalisk x2  
  198  26:53  Drone  
  197  26:55  Mutalisk  
  197  26:57  Mutalisk  
  197  26:59  Mutalisk x2  
  197  27:00  Extractor  
  200  27:07  Extractor, Drone  
  200  27:12  Drone  
  199  27:15  Overseer  
  199  27:16  Overlord  
  199  27:29  Mutalisk  
  197  27:33  Hydralisk Den, Mutalisk  
  197  27:34  Drone, Mutalisk  
  197  27:35  Spine Crawler  
  197  27:36  Drone, Spine Crawler  
  200  27:37  Drone, Mutalisk  
  200  27:38  Drone, Spine Crawler  
  200  27:41  Spine Crawler  
  200  27:42  Mutalisk  
  200  27:43  Drone  
  195  27:48  Queen, Mutalisk  
  195  27:49  Queen  
  193  27:54  Corruptor  
  181  28:00  Corruptor  
  181  28:02  Overlord  
  181  28:03  Overseer  
  181  28:07  Zerg Flyer Armor Level 2  
  181  28:10  Corruptor  
  169  28:15  Spore Crawler  
  169  28:17  Drone, Corruptor  
  167  28:26  Corruptor  
  158  28:32  Mutalisk  
  156  28:38  Mutalisk  
  150  28:43  Mutalisk  
  150  28:47  Mutalisk  
  136  28:53  Mutalisk  
  132  28:58  Mutalisk  
  132  29:01  Spine Crawler  
  132  29:02  Drone  
  134  29:03  Spine Crawler, Mutalisk  
  134  29:04  Drone  
  134  29:08  Corruptor  
  138  29:14  Corruptor  
  137  29:19  Corruptor  
  137  29:23  Corruptor  
  134  29:28  Corruptor  
  131  29:33  Mutalisk  
  131  29:38  Mutalisk  
  127  29:43  Spore Crawler, Mutalisk  
  127  29:44  Drone  
  125  29:45  Spore Crawler  
  125  29:46  Drone  
  125  29:47  Mutalisk  
  125  29:52  Mutalisk  
  127  29:58  Mutalisk  
  124  30:00  Drone  
  124  30:03  Mutalisk  
  127  30:08  Corruptor  
  127  30:09  Drone  
  127  30:13  Corruptor  
  126  30:18  Corruptor  
  128  30:23  Corruptor  
  128  30:28  Corruptor  
  130  30:33  Corruptor  
  132  30:38  Mutalisk  
  128  30:43  Mutalisk  
  128  30:47  Mutalisk  
  128  30:52  Mutalisk  
  120  30:57  Corruptor  
  120  31:01  Corruptor  
  122  31:06  Corruptor  
  122  31:11  Corruptor  
  124  31:15  Mutalisk  
  124  31:20  Mutalisk  
  124  31:25  Drone x2, Corruptor  
  115  31:26  Drone x2  
  115  31:29  Corruptor  
  120  31:34  Corruptor  
  120  31:38  Corruptor  
  124  31:43  Corruptor  
  124  31:44  Overlord  
  126  31:48  Corruptor  
  126  31:53  Corruptor  
  130  31:57  Mutalisk  
  128  32:02  Queen x2, Mutalisk  
  128  32:05  Queen  
  128  32:07  Mutalisk  
  122  32:11  Mutalisk  
  112  32:16  Mutalisk  
  112  32:20  Mutalisk  
  110  32:25  Mutalisk  
  110  32:26  Spore Crawler  
  110  32:28  Drone  
  105  32:30  Mutalisk  
  105  32:35  Mutalisk  
  103  32:39  Mutalisk  
  103  32:40  Queen  
  103  32:44  Drone, Mutalisk  
  97  33:19  Queen  
  95  33:33  Viper  
  98  33:44  Queen, Viper  
  98  33:46  Overlord  
  98  33:47  Overseer  
  101  33:50  Overlord  
  101  33:51  Overlord  
  101  33:57  Overseer  
  101  34:08  Overlord  
  101  34:14  Overlord  
  95  34:34  Overlord  
  93  34:50  Extractor  
  92  34:53  Overlord  
  80  35:48  Hatchery  
  79  36:07  Drone  
  55  37:02  Drone x2  
  55  37:03  Drone x3  
  55  37:04  Drone x4  
  55  37:05  Drone  
  63  37:17  Spawning Pool  
  62  37:23  Drone  
  62  37:35  Extractor  
  61  37:37  Drone  
  61  37:42  Drone x2  
  61  37:45  Evolution Chamber  
  61  37:48  Evolution Chamber  
  61  37:49  Drone  
  60  37:52  Evolution Chamber  
  60  37:54  Drone  
  56  37:58  Drone  
  56  37:59  Drone x4  
  56  38:00  Drone x5  
  56  38:01  Drone x7  
  56  38:02  Drone x4  
  56  38:04  Drone x4  
  56  38:05  Drone, Queen  
  59  38:11  Lair  
  62  38:13  Overlord  
  60  38:20  Spine Crawler  
  59  38:30  Evolution Chamber  
  59  38:32  Drone x2, Overlord  
  59  38:33  Drone  
  58  38:36  Roach Warren  
  58  38:39  Hatchery  
  52  38:44  Drone  
  51  38:50  Overlord, Queen, Drone x2  
  51  38:51  Drone x3  
  51  38:52  Drone  
  59  39:09  Overseer  
  59  39:10  Overlord  
  59  39:15  Drone, Spine Crawler  
  59  39:19  Queen  
  59  39:28  Overlord, Overseer  
  59  39:29  Drone x2  
  57  39:35  Evolution Chamber  
  55  39:40  Overseer  
  48  39:46  Overlord, Drone  
  48  39:47  Drone x2  
  51  39:56  Drone x2  
  51  39:57  Drone  
  51  39:58  Drone  
  51  39:59  Drone  
  49  40:01  Drone x2  
  49  40:02  Drone  
  26  40:09  Drone  
  26  40:11  Evolution Chamber  
  26  40:12  Drone  
  3  40:23  Drone  
  3  40:25  Spawning Pool  
  3  40:35  Evolution Chamber  
  1  40:41  Drone  
  1  40:48  Overlord  
  1  40:56  Drone  
  1  41:06  Drone  
Show
View Real Time Build Order
Export as new Build Order

larsgj Terran - Winner!

Build Orders:  

Get SALT Encoding   

  12  0:01  SCV  
  13  0:16  Supply Depot  
  13  0:32  SCV  
  14  0:37  Barracks  
  14  0:44  SCV  
  15  0:56  SCV  
  16  1:08  Refinery  
  16  1:09  SCV  
  17  1:12  Refinery  
  17  1:15  Supply Depot  
  17  1:21  SCV  
  18  1:26  Marine  
  19  1:33  SCV  
  20  1:44  Marine  
  20  1:46  Supply Depot  
  21  1:58  Engineering Bay  
  21  2:02  SCV  
  22  2:13  Barracks  
  22  2:14  SCV  
  22  2:15  Barracks Tech Lab  
  23  2:26  SCV  
  24  2:38  Marine  
  24  2:39  Factory  
  25  2:44  SCV  
  26  2:53  Combat Shield  
  26  2:56  Marine, SCV  
  28  3:06  Barracks Reactor  
  28  3:08  SCV  
  29  3:16  Missile Turret  
  29  3:36  Missile Turret  
  29  3:45  Marine x2  
  31  3:57  Starport  
  31  4:00  Missile Turret  
  31  4:10  Starport  
  31  4:19  Armory  
  31  4:23  Missile Turret  
  31  4:25  Marine x2  
  31  4:26  Marine  
  34  4:33  Terran Infantry Weapons Level 1  
  34  4:44  Missile Turret  
  34  4:48  Starport  
  34  5:04  Medivac  
  36  5:34  Medivac  
  38  5:48  Bunker  
  38  6:21  Bunker  
  38  6:27  Marine, Hi-Sec Auto Tracking  
  39  6:37  Supply Depot  
  39  6:53  Starport Tech Lab  
  39  6:55  Bunker  
  39  6:59  Marine x3  
  39  7:00  Supply Depot  
  42  7:19  Rapid Reignition System  
  42  7:23  Supply Depot  
  42  7:24  Terran Infantry Armor Level 1  
  42  7:28  Fusion Core  
  42  7:30  Starport Tech Lab  
  42  7:45  Supply Depot  
  42  7:50  Medivac x2  
  46  7:56  Marine x3  
  49  8:07  Supply Depot  
  49  8:13  Marine  
  49  8:14  Marine x2  
  52  8:20  Medivac x2  
  56  8:30  Supply Depot  
  56  8:42  Missile Turret  
  56  8:51  Missile Turret  
  56  8:53  Supply Depot  
  56  9:01  Marine x2  
  58  9:03  Missile Turret  
  58  9:09  Orbital Command  
  58  9:12  Missile Turret  
  58  9:18  Neosteel Armor  
  58  9:20  Supply Depot  
  58  9:23  Missile Turret  
  58  9:43  Missile Turret  
  58  9:44  Supply Depot  
  58  10:00  Command Center  
  58  10:08  Missile Turret  
  58  10:41  Marine  
  58  10:42  Marine x2  
  61  10:58  Terran Infantry Weapons Level 2  
  61  10:59  Marine x3  
  64  11:13  Orbital Command  
  64  11:17  Marine x3  
  67  11:34  Marine  
  67  11:35  Marine x2, Terran Vehicle And Ship Armor Level 1  
  70  11:52  Marine  
  70  11:53  Marine x2  
  73  12:10  Marine  
  73  12:11  Marine x2  
  76  12:28  Marine x2  
  76  12:29  Marine  
  79  12:46  Marine x3  
  79  12:48  Orbital Command  
  82  13:04  Marine x3  
  85  13:13  Terran Infantry Armor Level 2  
  85  13:21  Marine  
  85  13:22  Marine x2  
  88  13:39  Marine  
  88  13:40  Marine x2  
  91  13:57  Marine x2  
  91  13:58  Marine  
  94  14:15  Marine x3  
  97  14:33  Marine x3  
  100  14:50  Marine  
  100  14:51  Marine x2  
  103  15:08  Marine  
  103  15:09  Marine x2  
  106  15:26  Marine  
  106  15:27  Marine x2  
  107  15:29  Terran Infantry Weapons Level 3  
  65  15:40  Battlecruiser x2  
  70  15:44  Marine  
  71  15:59  Refinery  
  71  16:02  Refinery  
  71  16:44  Battlecruiser, Medivac  
  79  16:51  Weapon Refit  
  79  17:05  Missile Turret  
  79  17:14  Battlecruiser  
  85  17:26  Missile Turret  
  85  17:46  Missile Turret  
  85  17:48  Battlecruiser  
  91  18:11  Terran Ship Weapons Level 1  
  91  18:18  Battlecruiser  
  97  19:05  Battlecruiser  
  103  19:58  Command Center  
  103  20:04  Terran Vehicle And Ship Armor Level 2  
  103  20:13  Command Center  
  103  20:21  Battlecruiser  
  109  20:56  SCV  
  110  21:08  SCV  
  111  21:13  Orbital Command  
  111  21:20  SCV  
  112  21:25  Orbital Command  
  112  21:32  SCV  
  113  21:44  SCV  
  114  22:11  Orbital Command  
  114  22:12  Battlecruiser  
  120  22:17  Refinery  
  120  22:20  Terran Ship Weapons Level 2  
  120  22:21  Refinery  
  120  22:37  SCV  
  121  22:50  SCV  
  122  22:58  Missile Turret  
  122  23:02  SCV  
  122  23:05  Battlecruiser  
  129  23:14  SCV  
  129  23:16  Battlecruiser  
  129  23:18  Missile Turret  
  136  23:26  SCV  
  137  23:39  Missile Turret  
  137  24:09  Battlecruiser  
  143  24:30  Starport  
  143  24:36  Terran Vehicle And Ship Armor Level 3  
  143  25:06  Battlecruiser  
  149  25:08  Missile Turret  
  149  25:09  Starport Tech Lab  
  149  25:27  Missile Turret  
  149  25:46  Missile Turret  
  143  26:14  Battlecruiser x2  
  119  26:58  Battlecruiser  
  119  27:13  Terran Ship Weapons Level 3  
  113  27:18  Battlecruiser  
  113  27:29  Missile Turret  
  105  27:33  Missile Turret x2  
  105  27:34  Missile Turret  
  105  27:35  Missile Turret  
  105  27:37  Missile Turret  
  105  27:38  Missile Turret x2  
  105  27:39  Missile Turret  
  83  28:53  Battlecruiser x3  
  102  29:02  SCV  
  102  29:14  SCV  
  99  29:32  Missile Turret  
  87  29:52  Missile Turret  
  87  29:57  Battlecruiser x2  
  105  30:26  Medivac  
  89  30:57  Battlecruiser  
  95  31:01  Battlecruiser  
  101  31:36  Command Center  
  101  31:39  Refinery  
  101  31:42  Refinery  
  101  31:43  Battlecruiser  
  101  32:57  Battlecruiser  
  95  34:45  Marine x3  
  96  34:47  Battlecruiser  
  104  35:03  Marine x3  
  101  35:20  Marine  
  101  35:21  Marine x2  
  102  35:24  Battlecruiser  
  110  35:38  Marine  
  110  35:39  Marine x2  
  113  35:57  Marine  
  114  36:05  Battlecruiser  
  120  36:46  Battlecruiser  
  126  36:50  Battlecruiser  
  138  37:30  Battlecruiser  
  138  38:20  Battlecruiser  
  138  38:21  Marine x3  
  147  38:39  Marine x3  
  150  38:57  Marine x3  
  153  39:14  Marine  
  153  39:15  Marine x2  
  156  39:33  Marine  
  157  39:46  Battlecruiser  
Tags
 
Matchup
TvZ
Opening
Pool First
Replay Pack
Multiplayer
Spawn Locations
Close Positions
Add a new tag
Caveats
  • Supply blocks, unpowered buildings, or Contaminate may cause inaccurate times.
  • Supply counts are checked every 10 seconds.